 Dungeon Crawl Stone Soup version 0.21.1-1-g345015f (webtiles) character file.

27 shakethe the Skirmisher (level 2, 0/24 HPs)
             Began as a Demonspawn Fighter on Feb 17, 2018.
             Slain by Sigmund
             ... wielding a +1 scythe of freezing
              (6 damage)
             ... on level 2 of the Dungeon.
             The game lasted 00:01:19 (911 turns).

shakethe the Skirmisher (Demonspawn Fighter)         Turns: 911, Time: 00:01:20

Health: 0/24       AC:  8    Str: 16    XL:     2   Next: 93%
Magic:  2/2        EV:  6    Int:  9    God:
Gold:   40         SH:  8    Dex: 12    Spells: 1/1 levels left

rFire    . . .     SeeInvis .   a - +0 flail
rCold    . . .     Gourm    .   c - +0 shield
rNeg     . . .     Faith    .   b - +0 scale mail
rPois    .         Spirit   .   (no helmet)
rElec    .         Reflect  .   (no cloak)
rCorr    .         Harm     .   (no gloves)
MR       .....                  (no boots)
Stlth    ..........             (no amulet)
HPRegen  0.08/turn              (no ring)
MPRegen  0.08/turn              (no ring)

@: no status effects
A: thin metallic scales 1
a: no special abilities


You were on level 2 of the Dungeon.
You were not hungry.

You visited 1 branch of the dungeon, and saw 2 of its levels.

You collected 40 gold pieces.

Inventory:

Hand Weapons
 a - a +0 flail (weapon)
Armour
 b - a +0 scale mail (worn)
 c - a +0 shield (worn)
Scrolls
 g - 2 scrolls of identify {unknown}
 h - a scroll of enchant armour {unknown}
 j - a scroll of amnesia {unknown}
 m - a scroll of noise {unknown}
Potions
 d - a potion of might
 e - a potion of cancellation {unknown}
 i - a potion of flight {unknown}
 k - a potion of haste {unknown}
 l - a potion of invisibility {unknown}
 n - a potion of magic {unknown}
Comestibles
 f - 3 rations


   Skills:
 + Level 3.2 Fighting
 * Level 2.3 Maces & Flails
 + Level 2.9 Armour
 + Level 2.9 Shields


You had one spell level left.
You didn't know any spells.

Dungeon Overview and Level Annotations

Branches:
Dungeon (2/15)

Altars:

Annotations:
D:2 Sigmund


Innate Abilities, Weirdness & Mutations

You are partially covered in thin metallic scales. (AC +2)


Message History

You take 1 damage, and have 21/24 hp.
Your shield and scale mail prevent you from hitting the kobold.
The kobold barely misses you. The hobgoblin barely misses you.
The kobold hits you but does no damage. You block the kobold's attack.
You block the hobgoblin's attack.
You hit the kobold.
You kill the kobold!
You block the kobold's attack. The hobgoblin hits you with a club.
You take 1 damage, and have 20/24 hp.
Your shield and scale mail prevent you from hitting the kobold.
The kobold barely misses you. The hobgoblin hits you with a club.
You block the kobold's attack.
You take 5 damage, and have 15/24 hp.
MASSIVE DAMAGE!!
You closely miss the kobold. You block the hobgoblin's attack.
You block the kobold's attack.
You completely miss the kobold. You block the hobgoblin's attack.
The kobold hits you but does no damage.
The hobgoblin hits you but does no damage.
You closely miss the kobold. You block the kobold's attack. x2
You block the hobgoblin's attack.
Your shield and scale mail prevent you from hitting the kobold.
You block the kobold's attack. The hobgoblin hits you with a club.
You take 2 damage, and have 13/24 hp.
You are too injured to fight recklessly!
You are too injured to fight recklessly!
You are too injured to fight recklessly!
You are too injured to fight recklessly!
You are too injured to fight recklessly!
You are too injured to fight recklessly!
You are too injured to fight recklessly!
You are too injured to fight recklessly!
You are too injured to fight recklessly!
You are too injured to fight recklessly!
You hit the hobgoblin.
You kill the hobgoblin!
The kobold barely misses you. You block the kobold's attack.
The kobold hits you but does no damage.
You see here a club.
Your shield and scale mail prevent you from hitting the kobold.
The kobold completely misses you.
Your shield and scale mail prevent you from hitting the kobold.
You block the kobold's attack. The kobold hits you but does no damage.
You hit the kobold. You block the kobold's attack.
You sock the kobold!
You kill the kobold!
Things that are here:
a whip; a kobold corpse You see here a club.
f - 3 rations (gained 1) Firing (i - inventory): No suitable missiles.
Okay, then.
There are no items here.
Things that are here:
a short sword; a kobold corpse You start resting.
Sigmund the Dreaded comes into view.
He is wielding a scythe of freezing.
You regained 2 hp, and now have 17/24 hp.
Sigmund shouts!
Sigmund casts a spell at you.
You are confused.
Sigmund casts a spell at you.
You are more confused.
You bump into the rock wall.
You bump into the rock wall.
Sigmund hits you with a scythe of freezing.
Sigmund freezes you.
You take 2 damage, and have 16/24 hp.
Sigmund hits you but does no damage.
You bump into the rock wall.
You bump into the rock wall.
You feel less confused. You block Sigmund's attack.
You see here a quokka corpse.
You see here a bat corpse.
Sigmund hits you but does no damage.
You hit Sigmund. You barely miss Sigmund.
Sigmund hits you with a scythe of freezing.
Sigmund freezes you.
You take 6 damage, and have 11/24 hp.
MASSIVE DAMAGE!!
You hit Sigmund.
Sigmund screams, "Die, monster!"
Sigmund hits you with a scythe of freezing.
Sigmund freezes you.
* * * LOW HITPOINT WARNING * * *
You take 4 damage, and have 7/24 hp.
You closely miss Sigmund. Sigmund barely misses you.
You closely miss Sigmund. You block Sigmund's attack.
You hit Sigmund.
Sigmund hits you with a scythe of freezing.
* * * LOW HITPOINT WARNING * * *
Sigmund freezes you.
* * * LOW HITPOINT WARNING * * *
You take 2 damage, and have 5/24 hp.
You hit Sigmund. You block Sigmund's attack.
You barely miss Sigmund.
Sigmund hits you with a scythe of freezing.
You die...

##..#..###.....
##....# ... ##...#
+ #...# ##...#
#..###....#
#........#
.........#†#######
#....#####.†@@..<#
##### #########


You could see Sigmund.

Vanquished Creatures
  A dart slug (D:2)
  A leopard gecko (D:1)
  3 giant cockroaches (D:1)
  A goblin (D:1)
  4 hobgoblins
  4 kobolds
  A quokka (D:2)
  4 bats
  2 frilled lizards (D:1)
  2 rats (D:1)
23 creatures vanquished.

Notes
Turn   | Place    | Note
-------+----------+-------------------------------------------
     0 | D:1      | shakethe the Demonspawn Fighter began the quest for the Orb.
     0 | D:1      | Reached XP level 1. HP: 18/18 MP: 1/1
   114 | D:1      | Reached skill level 2 in Maces & Flails
   181 | D:1      | Gained mutation: You are partially covered in thin metallic scales. (AC +2) [demonic ancestry]
   181 | D:1      | Reached XP level 2. HP: 24/24 MP: 2/2
   879 | D:2      | Noticed Sigmund
   909 | D:2      | HP: 6/24 [Sigmund/scythe of freezing (1)]
   911 | D:2      | Slain by Sigmund

Skill      XL: |  1 |
---------------+----+-----
Maces & Flails | 2 |  2.3
Fighting       | |  3.2
Armour         | |  2.9
Shields        | |  2.9

Action                   || total
-------------------------++-------
Melee: Flail             ||    90
Armor: Scale mail        ||    47
Dodge: Dodged            ||    26
Block: Shield            ||    50

Vault maps used:
D:1:      dpeg_arrival_tiny_d, kennysheep_minor_cross, minmay_misc_feat_cross
D:2:      nemelex_spade_bored_becter, uniq_sigmund

Table legend:
 A = Turns spent in this place as a percentage of turns spent in the entire game.
 B = Non-inter-level travel turns spent in this place as a percentage of non-inter-level travel turns spent in the entire game.
 C = Inter-level travel turns spent in this place as a percentage of turns spent in this place.
 D = Turns resting spent in this place as a percentage of non-inter-level travel turns spent in this place.
 E = Turns spent auto-exploring this place as a percentage of non-inter-level travel turns spent in this place.
 F = Non-inter-level travel turns spent in this place divided by the number of levels of this place that you've seen.
                   A       B       C       D       E      F
               +-------+-------+-------+-------+-------+----------------------
         Total | 100.0 | 100.0 |   0.0 |   2.7 |  66.4 | 455.5
       Dungeon | 100.0 | 100.0 |   0.0 |   2.7 |  66.4 | 455.5
               +-------+-------+-------+-------+-------+----------------------

Table legend:
 A = Kills in this place as a percentage of kills in entire the game.
 B = Kills by you in this place as a percentage of kills by you in the entire game.
 C = Kills by friends in this place as a percentage of kills by friends in the entire game.
 D = Other kills in this place as a percentage of other kills in the entire game.
 E = Experience gained in this place as a percentage of experience gained in the entire game.
 F = Experience gained in this place divided by the number of levels of this place that you have seen.
                   A       B       C       D       E      F
               +-------+-------+-------+-------+-------+----------------------
         Total | 100.0 | 100.0 |   N/A |   N/A | 100.0 |  19.5
       Dungeon | 100.0 | 100.0 |   N/A |   N/A | 100.0 |  19.5
               +-------+-------+-------+-------+-------+----------------------
